 Dungeon Crawl Stone Soup version bcrawl-1.12-8-g964540c432 (webtiles) character file.

Game seed: 13726768552508298114

51 MisterOstroum the Skirmisher (level 3, -2/29 HPs)
             Began as a Demonspawn Archaeologist on June 3, 2019.
             Killed from afar by an orc wizard (14 damage)
             ... with a puff of frost
             ... on level 2 of the Dungeon.
             The game lasted 00:02:01 (1399 turns).

MisterOstroum the Skirmisher (DsAc)                 Turns: 1399, Time: 00:02:01

Health: -2/29      AC:  7    Str: 12    XL:     3   Next: 57%
Magic:  3/3        EV: 12    Int: 15    God:
Gold:   68         SH:  0    Dex: 11    Spells: 2/2 levels left

rFire    . . .     SeeInvis .   n - +0 whip
rCold    . . .     Gourm    .   (no shield)
rNeg     . . .     Faith    .   h - +0 leather armour
rPois    .         Spirit   .   (helmet restricted)
rElec    .         Reflect  .   (no cloak)
rCorr    .         Harm     .   d - +1 pair of gloves
MR       .....                  c - +1 pair of boots
Stlth    ++........             (no amulet)
HPRegen  0.09/turn              (no ring)
MPRegen  0.08/turn              (no ring)

@: studying Slings
A: horns 1, powered by pain 1
a: no special abilities


You were on level 2 of the Dungeon.
You were hungry.

You visited 1 branch of the dungeon, and saw 2 of its levels.

You collected 68 gold pieces.

Inventory:

Hand Weapons
 m - a +0 club
 n - a +0 whip (weapon)
Missiles
 i - 367 stones (quivered)
 s - 263 sling bullets
Armour
 a - a +1 robe
 b - a +1 hat
 c - a +1 pair of boots (worn)
 d - a +1 pair of gloves (worn)
 h - a +0 leather armour (worn)
 k - a +0 helmet
Scrolls
 j - 2 scrolls of fog
 l - a scroll of teleportation {unknown}
 p - a scroll of amnesia {unknown}
 r - a scroll of identify {unknown}
Potions
 o - a potion of cancellation {unknown}
 q - a potion of curing {unknown}
 u - a potion of heal wounds {unknown}
Books
 g - a manual of Slings
Miscellaneous
 f - an ancient crate
Comestibles
 e - 5 rations {!d}
 t - 2 chunks of flesh


   Skills:
 - Level 3.3 Fighting
 * Level 1.3 Slings
 - Level 2.6 Dodging
 - Level 3.0 Stealth


You had 2 spell levels left.
You didn't know any spells.
Your spell library was empty.

Dungeon Overview and Level Annotations

Branches:
Dungeon (2/12)

Altars:


Innate Abilities, Weirdness & Mutations

You have a pair of small horns on your head.
You sometimes gain a little power by taking damage.


Message History

Throwing (i - inventory)
i - 369 stones (quivered)
Press: ? - help, Shift-Dir - straight line, f/p - jackal
Aim: a jackal You throw a stone.
The stone closely misses the jackal.
An orc comes into view. It is wielding a +0 short sword.
You hit the jackal. You headbutt the jackal.
You kill the jackal!
Throwing (i - inventory)
i - 368 stones (quivered)
Press: ? - help, Shift-Dir - straight line, f - jackal
Aim: a jackal You throw a stone.
The stone barely misses the jackal.
The jackal bites you but does no damage.
You hit the jackal.
You headbutt the jackal, but do no damage.
The jackal is heavily wounded.
The jackal bites you.
You barely miss the jackal.
The jackal barks!
You headbutt the jackal.
The jackal is almost dead.
You hear a shout!
The jackal closely misses you.
The jackal bites you but does no damage.
You hear a shout!
You hit the jackal but do no damage.
The jackal is almost dead.
The jackal bites you.
You hit the jackal but do no damage. Your headbutt misses the jackal.
The jackal is almost dead.
The jackal barely misses you. The jackal bites you.
You are feeling hungry.
You closely miss the jackal.
The jackal is almost dead.
The jackal bites you but does no damage.
The jackal bites you. The jackal barely misses you.
You hit the jackal.
You kill the jackal!
The jackal bites you but does no damage. x2
You hit the jackal.
The jackal is lightly wounded.
The jackal misses you.
An orc wizard comes into view. It is wielding a +0 dagger.
You hit the jackal.
The jackal is almost dead.
The jackal closely misses you.
The jackal bites you but does no damage.
You hit the jackal.
You kill the jackal!
Your Slings skill increases to level 1!
You hit the orc.
The orc is heavily wounded.
The orc closely misses you.
You closely miss the orc.
The orc is heavily wounded.
The orc hits you but does no damage.
The orc wizard miscasts a cantrip.
An orc wizard comes into view. It is wielding a +0 dagger.
The orc wizard shouts!
You hear a shout!
The orc hits you with a +0 short sword.
The orc wizard gestures wildly while chanting.
The orc wizard seems to speed up.
You see here a jackal corpse.
You hit the orc.
You kill the orc!
The jackal barely misses you.
The orc wizard looks braver for a moment.
You barely miss the jackal.
The jackal bites you but does no damage.
You hit the jackal but do no damage. You headbutt the jackal.
The jackal is heavily wounded.
The jackal barely misses you.
An orc comes into view. It is wielding a +0 dagger.
The jackal completely misses you.
You hit the jackal.
You kill the jackal!
You miss the orc wizard. The orc wizard barely misses you.
You miss the orc wizard. You headbutt the orc wizard.
The orc wizard is moderately wounded.
The orc wizard completely misses you.
A dart slug comes into view.
The orc wizard miscasts a cantrip.
You barely miss the orc wizard.
The orc wizard is moderately wounded.
The orc wizard hits you but does no damage.
The orc wizard hits you with a +0 dagger.
You barely miss the orc wizard.
The orc wizard is moderately wounded.
The orc wizard hits you but does no damage.
The orc wizard looks braver for a moment.
The orc wizard casts a spell at you. The puff of frost hits you!
You are too injured to fight recklessly!
You are too injured to fight recklessly!
You are too injured to fight recklessly!
You are too injured to fight recklessly!
As you read the scroll labeled ZIQUER ZINAPH, it crumbles to dust.
The scroll dissolves into smoke.
It was a scroll of fog.
The orc wizard points at you and mumbles some strange words.
The puff of frost hits you!
You die...

### #.# #####.#
#######.# ......#
#.......# #####.#
######§#####.# #
###.###.÷...§o@#
###.....#.####§#o#
....#.#.#......#o#
....#......#####.#
############ ...
#.# #w. .##


You could see 2 orc wizards and an orc.

Vanquished Creatures
  A bullfrog skeleton (D:2)
  An ooze (D:1)
  An orc (D:2)
  2 bats
  3 hobgoblins (D:1)
  4 jackals (D:2)
  2 kobolds
  A frilled lizard (D:1)
  2 rats
17 creatures vanquished.

Notes
Turn   | Place    | Note
-------+----------+-------------------------------------------
     0 | D:1      | MisterOstroum the Demonspawn Archaeologist began the quest
                  | for the Orb.
     0 | D:1      | Reached XP level 1. HP: 15/15 MP: 1/1
   344 | D:1      | Gained mutation: You sometimes gain a little power by
                  | taking damage. [demonic ancestry]
   344 | D:1      | Reached XP level 2. HP: 19/22 MP: 2/2
  1229 | D:2      | Gained mutation: You have a pair of small horns on your
                  | head. [demonic ancestry]
  1229 | D:2      | Reached XP level 3. HP: 25/29 MP: 3/3
  1387 | D:2      | Reached skill level 1 in Slings
  1399 | D:2      | Killed from afar by an orc wizard

Skill      XL: |  1  2  3 |
---------------+----------+-----
Fighting       | 2 3 |  3.3
Slings         | 1 |  1.3
Dodging        | |  2.6
Stealth        | |  3.0

Action                   || total
-------------------------++-------
Melee: Unarmed           ||    53
       Whip              ||    39
       Headbutt          ||     5
Throw: Stone             ||    37
  Use: Scroll            ||     1
  Eat: Chunk             ||     1
Armor: Leather armour    ||    38
Dodge: Dodged            ||    47
